Map: Bridgehead LE (Void)

Players

wabbajack

  • Race: Zerg Zerg
  • League: Gold

BasedQuad - Winner!

  • Race: Zerg Zerg
  • League: Silver

VOD

Have the link to the VOD?

Description

Time

  • Played on: July 18, 2015, 3:44 p.m.
  • Length: 11:05
Show
View Real Time Build Order
Export as new Build Order

wabbajack Zerg 

Build Orders: Hatch First 

Get SALT Encoding   

  12  0:02  Drone  
  13  0:13  Overlord  
  13  0:18  Drone  
  14  0:27  Drone, Extractor  
  14  0:34  Drone  
  16  0:36  Drone  
  17  0:56  Hatchery  
  16  1:01  Drone x2  
  18  1:06  Extractor  
  18  1:08  Drone  
  18  1:22  Spawning Pool  
  17  1:30  Drone x2  
  19  1:40  Overlord  
  19  2:21  Queen  
  19  2:22  Queen  
  23  2:23  Zergling x2  
  23  2:24  Zergling x2  
  23  2:25  Drone  
  23  2:26  Drone x2  
  28  2:33  Roach Warren  
  28  2:35  Spine Crawler  
  28  2:36  Metabolic Boost  
  26  2:39  Drone  
  27  2:44  Drone  
  28  3:09  Overlord x2  
  28  3:13  Drone x2  
  28  3:14  Drone x2  
  32  3:22  Pneumatized Carapace  
  32  3:45  Baneling Nest  
  31  3:51  Spine Crawler  
  31  3:55  Drone x2  
  32  4:02  Roach x2  
  42  4:03  Roach x4  
  42  4:06  Overlord  
  46  4:10  Roach  
  46  4:15  Overlord  
  46  4:19  Roach  
  48  4:37  Roach  
  48  4:38  Roach  
  52  4:59  Overlord  
  52  5:15  Baneling  
  52  5:16  Baneling  
  52  5:21  Zergling x2, Extractor  
  52  5:22  Zergling x30  
  67  5:36  Drone  
  67  5:42  Overlord  
  68  5:43  Overlord  
  68  5:45  Drone x3  
  70  6:24  Baneling x2  
  70  6:25  Baneling x3  
  70  6:27  Baneling  
  70  6:34  Drone x13  
  83  6:48  Hatchery  
  83  6:50  Baneling x3  
  83  6:52  Overlord x2  
  82  6:58  Queen  
  84  7:02  Extractor  
  84  7:03  Extractor  
  82  7:30  Zergling x6  
  82  7:31  Zergling x10  
  63  7:57  Lair  
  63  8:24  Drone x2  
  63  8:25  Drone x2  
  67  8:39  Extractor  
  66  8:41  Extractor  
  66  8:43  Spine Crawler  
  64  8:49  Roach x3  
  64  8:50  Roach x7  
  84  8:56  Overlord  
  84  8:57  Overlord x3  
  84  9:01  Hatchery  
  83  9:06  Hydralisk Den  
  82  9:17  Ravager  
  82  9:20  Lurker Den  
  82  9:21  Overseer  
  82  9:22  Drone x3  
  82  9:23  Drone x3  
  89  9:33  Evolution Chamber  
  89  9:36  Hydralisk x7  
  89  9:37  Hydralisk x3  
  108  9:39  Overlord x3  
  108  10:05  Overlord x2  
  108  10:10  Drone x3  
  108  10:11  Drone x5  
  116  10:19  Queen  
  116  10:42  Overseer x2  
Show
View Real Time Build Order
Export as new Build Order

BasedQuad Zerg - Winner!

Build Orders: Pool First, Lurkers 

Get SALT Encoding   

  12  0:01  Drone  
  13  0:14  Overlord  
  13  0:20  Drone  
  14  0:33  Drone x2  
  16  0:41  Spawning Pool  
  15  0:45  Drone  
  16  0:59  Extractor  
  15  1:13  Hatchery  
  14  1:28  Queen  
  14  1:30  Zergling x2  
  17  1:59  Metabolic Boost  
  17  2:03  Queen  
  17  2:04  Overlord  
  19  2:10  Drone  
  19  2:13  Drone  
  21  2:31  Queen  
  21  2:36  Drone  
  24  2:49  Spine Crawler  
  23  2:53  Drone x2  
  23  2:54  Drone  
  26  3:05  Zergling x4  
  27  3:23  Lair  
  27  3:34  Drone x5  
  32  3:55  Spine Crawler  
  32  3:59  Drone  
  32  4:00  Drone x4  
  36  4:03  Overlord  
  36  4:17  Overlord  
  36  4:28  Hydralisk Den  
  35  4:39  Drone x2, Extractor  
  35  4:40  Drone  
  35  4:43  Lurker Den  
  36  5:04  Spine Crawler  
  35  5:10  Drone x3  
  35  5:11  Drone  
  39  5:35  Extractor  
  39  5:36  Drone  
  39  5:37  Drone x3, Extractor  
  39  5:38  Drone x2  
  43  5:54  Evolution Chamber  
  42  6:11  Zergling x2  
  42  6:12  Zergling x12  
  42  6:13  Zergling x2  
  42  6:14  Hydralisk  
  42  6:16  Overlord x5  
  51  6:36  Hydralisk x4  
  51  6:38  Hydralisk x5  
  51  6:39  Hydralisk x2  
  73  7:00  Zerg Missile Weapons Level 1  
  73  7:11  Lurker x5  
  69  8:10  Hydralisk x4  
  69  8:11  Hydralisk x6  
  89  9:19  Hatchery  
  89  9:22  Lurker x3  
  89  9:23  Lurker  
  92  9:33  Overlord x3  
  92  9:34  Overlord x6  
  92  10:06  Zergling x6  
  92  10:07  Zergling x6  
Tags
 
Add a new tag
Caveats
  • Supply blocks, unpowered buildings, or Contaminate may cause inaccurate times.
  • Supply counts are checked every 10 seconds.